 Dungeon Crawl Stone Soup version 0.27.0-1-g7a089689b8 (webtiles) character file.

Game seed: 8693583753914620596

2628 Smaepdii the Frost Mage (level 9, -4/41 (45) HPs)
             Began as a Deep Elf Ice Elementalist on Aug 10, 2021.
             Was a Believer of Vehumet.
             Slain by a wight (15 damage)
             ... on level 7 of the Dungeon.
             The game lasted 00:40:52 (10025 turns).

Smaepdii the Frost Mage (DEIE)                     Turns: 10025, Time: 00:40:53

HP:   -4/41 (45)    AC:  5    Str:  5    XL:     9   Next: 35%
MP:   9/21          EV: 16    Int: 30    God:    Vehumet [**....]
Gold: 396           SH:  5    Dex: 15    Spells: 3/22 levels left

rFire    . . .     SeeInvis .   f - +2 dagger (venom)
rCold    . . .     Faith    .   (no shield)
rNeg     . . .     Spirit   .   a - +0 robe
rPois    .         Reflect  +   (no helmet)
rElec    .         Harm     .   (no cloak)
rCorr    .         Rampage  .   (no gloves)
Will     .....                  p - +2 pair of boots
Stlth    +++.......             o - amulet of reflection
HPRegen  0.13/turn              j - +6 ring of intelligence
MPRegen  0.17/turn              n - ring of wizardry

@: drained
A: no striking features
a: Renounce Religion


You were on level 7 of the Dungeon.
You worshipped Vehumet.
Vehumet was pleased with you.
You visited 1 branch of the dungeon, and saw 7 of its levels.

You collected 396 gold pieces.

Inventory:

Hand Weapons
 f - a +2 dagger of venom (weapon)
Missiles
 d - 3 throwing nets
Armour
 a - a +0 robe (worn)
 m - a +0 buckler
 p - a +2 pair of boots (worn)
Jewellery
 j - a +6 ring of intelligence (left hand)
 k - a +4 ring of protection
 n - a ring of wizardry (right hand)
 o - an amulet of reflection (around neck)
 s - a +6 ring of strength
 t - an amulet of regeneration
Wands
 v - a wand of acid (13) (quivered)
Scrolls
 u - a scroll of amnesia {unknown}
Potions
 b - 3 potions of mutation
 c - 2 potions of brilliance {unknown}
 e - 4 potions of lignification
 g - a potion of cancellation {unknown}
 h - a potion of resistance {unknown}
 i - 2 potions of might {unknown}
 l - a potion of heal wounds
 r - 2 potions of curing {unknown}


   Skills:
 + Level 7.7 Dodging
 - Level 5.0 Stealth
 + Level 7.3 Spellcasting
 * Level 7.8 Conjurations
 - Level 8.0 Ice Magic


You had 3 spell levels left.
You knew the following spells:

 Your Spells              Type           Power      Damage    Failure   Level
a - Hailstorm             Conj/Ice       55%        3d12      1%          4
b - Frozen Ramparts       Ice            100%       1d12      1%          3
c - Ozocubu's Armour      Ice            56%        N/A       1%          3
d - Summon Ice Beast      Ice/Summ       34%        N/A       3%          4
e - Foxfire               Conj/Fire      100%       2x1d9     1%          1
f - Shock                 Conj/Air       100%       1d9       1%          1
g - Freeze                Ice            100%       1d11      1%          1
h - Blink                 Tloc           N/A        N/A       2%          2

Your spell library contained the following spells:

 Spells                   Type           Power      Damage    Failure   Level
 Sandblast                Erth           20%        2d7       1%          1
 Conjure Flame            Conj/Fire      34%        6-21      1%          3
 Stone Arrow              Conj/Erth      68%        3d11      1%          3
 Inner Flame              Hex/Fire       10%        N/A       6%          3
 Lesser Beckoning         Tloc           5%         N/A       6%          3
 Animate Armour           Summ/Erth      20%        N/A       19%         4
 Manifold Assault         Tloc           10%        N/A       45%         5
 Summon Mana Viper        Hex/Summ       10%        N/A       45%         5
 Monstrous Menagerie      Summ           5%         N/A       100%        7
 Lehudib's Crystal Spear  Conj/Erth      17%        10d5      100%        8


Dungeon Overview and Level Annotations

Branches:
Dungeon (7/15)             Temple (0/1) D:7

Altars:
Gozag
Kikubaaqudgha
Ru
Uskayaw
Vehumet
Yredelemnul
Zin

Shops:
D:5 [


Message History

You start resting.
Magic restored.
You start resting.
HP restored.
There is a stone staircase leading down here.
You climb downwards.
The wight hits you with a +3 morningstar!
You feel drained. The wight barely misses you.
There is a stone staircase leading up, spattered with blood here.
Casting: Hailstorm (dangerous; 1% risk of failure)
Confirm with . or Enter, or press ? or * to list all spells.
Casting: Hailstorm (dangerous; 1% risk of failure)
Press: ? - help, Dir - look around, f - activate A cannonade of hail descends around you!
The hail pelts the wight!
The wight partially resists.
You destroy the wight!
Vehumet accepts your kill.
The wight hits you with a +3 morningstar!
You feel drained.
Casting: Hailstorm (dangerous; 1% risk of failure)
Confirm with . or Enter, or press ? or * to list all spells.
Casting: Hailstorm (dangerous; 1% risk of failure)
Press: ? - help, Dir - look around, f - activate A cannonade of hail descends around you!
The hail pelts the wight!
The wight partially resists.
The wight is heavily damaged.
The wight barely misses you.
Casting: Hailstorm (dangerous; 1% risk of failure)
Confirm with . or Enter, or press ? or * to list all spells.
Casting: Hailstorm (dangerous; 1% risk of failure)
Press: ? - help, Dir - look around, f - activate A cannonade of hail descends around you!
The hail pelts the wight!
The wight partially resists.
You destroy the wight!
Vehumet accepts your kill.
The wight hits you with a +3 morningstar!
You feel drained.
* * * LOW HITPOINT WARNING * * *
The wight hits you with a +3 morningstar!
You die...

.............# #.. .#.
....#.z...### ...# ..
........##..# ...# ###.#
........##.######..# #...
... ...#....##..##....# ...#
... .. ##............##
##..# ... . #.##......)...#
#..## #.. #........)..z##
##...# #.. z....#.....@##
##....# #.#
..z.##......####.....#####.#
.....##.......#.)#.....#Y5Z.
..#..........###)#.......#..
...............#.......#.(
..^............#.#...#.#..
.#.............#.....[.#..
#.............#.......#..
..............#.#...#.#..


You could see a wight.

Vanquished Creatures
  The ghost of ratboy the Magician, a novice GnWn (D:4)
  A komodo dragon (D:7)
  A steam dragon (D:7)
  A necrophage (D:5)
  An ice beast (D:6)
  4 ogres
  A centaur (D:6)
  2 phantoms
  A kobold brigand (D:6)
  Blork the orc (D:5)
  2 scorpions (D:6)
  A water moccasin skeleton (D:6)
  7 wights (D:7)
  A centaur zombie (D:5)
  3 jellies
  A hound (D:4)
  Jessica (D:2)
  3 iguanas
  Natasha (thrice) (D:3)
  2 orc wizards (D:6)
  A scorpion zombie (D:5)
  A killer bee zombie (D:7)
  A hound zombie (D:5)
  A hound skeleton (D:3)
  10 adders
  A gnoll (D:1)
  A river rat (D:4)
  A shadow imp (D:6)
  A white imp (D:7)
  An adder skeleton (D:4)
  5 worms
  2 dart slugs
  5 orcs
  5 endoplasms
  3 giant cockroaches
  10 goblins
  6 hobgoblins
  2 jackals (D:5)
  8 kobolds
  7 quokkas
  7 ball pythons
  4 bats
  4 frilled lizards
  3 rats
128 creatures vanquished.

Vanquished Creatures (others)
  A kobold (D:6)
  51 foxfires
52 creatures vanquished.

Grand Total: 180 creatures vanquished

Notes
Turn   | Place    | Note
-------+----------+-------------------------------------------
     0 | D:1      | Smaepdii the Deep Elf Ice Elementalist began the quest for
                  | the Orb.
     0 | D:1      | Reached XP level 1. HP: 10/10 MP: 6/6
   231 | D:1      | Reached XP level 2. HP: 13/15 MP: 5/8
  1263 | D:1      | Reached XP level 3. HP: 19/19 MP: 6/9
  1398 | D:2      | Learned a level 3 spell: Frozen Ramparts
  1402 | D:2      | Learned a level 3 spell: Ozocubu's Armour
  1470 | D:2      | Reached skill level 5 in Ice Magic
  1877 | D:2      | Noticed Jessica
  1897 | D:2      | Killed Jessica
  1898 | D:2      | Reached XP level 4. HP: 16/24 MP: 1/10
  2291 | D:2      | Found an opulent altar of Gozag.
  2688 | D:3      | Found a radiant altar of Vehumet.
  2769 | D:3      | Became a worshipper of Vehumet
  2801 | D:3      | Learned a level 2 spell: Blink
  2856 | D:3      | Found an ancient bone altar of Kikubaaqudgha.
  2972 | D:3      | Noticed Natasha
  2982 | D:3      | Killed Natasha
  2983 | D:3      | Reached XP level 5. HP: 28/28 MP: 3/11
  3267 | D:3      | Noticed Natasha
  3276 | D:3      | Killed Natasha
  3277 | D:3      | Reached skill level 6 in Ice Magic
  3378 | D:3      | Found a hide-covered altar of Uskayaw.
  3524 | D:3      | Found a sacrificial altar of Ru.
  3627 | D:3      | Learned a level 1 spell: Foxfire
  3704 | D:4      | Noticed a phantom
  3710 | D:4      | Found a runed translucent door.
  3856 | D:3      | Noticed Natasha
  3865 | D:3      | Killed Natasha
  3866 | D:3      | Reached XP level 6. HP: 18/32 MP: 4/12
  4142 | D:4      | Reached skill level 5 in Stealth
  4600 | D:4      | Found a basalt altar of Yredelemnul.
  4607 | D:4      | Found a glowing silver altar of Zin.
  4938 | D:4      | Found a runed translucent door.
  4940 | D:4      | Noticed ratboy's ghost (novice GnWn)
  4961 | D:4      | Killed ratboy's ghost
  4962 | D:4      | Reached skill level 5 in Dodging
  4962 | D:4      | Reached skill level 7 in Ice Magic
  4962 | D:4      | Reached XP level 7. HP: 18/36 MP: 2/14
  4962 | D:4      | Reached * piety under Vehumet
  4962 | D:4      | Offered knowledge of Shock by Vehumet.
  5236 | D:4      | Learned a level 1 spell: Shock
  5839 | D:5      | Entered Level 5 of the Dungeon
  5839 | D:5      | Found Mavodd's Armour Shop.
  6399 | D:5      | Learned a level 4 spell: Hailstorm
  6409 | D:5      | Reached XP level 8. HP: 41/41 MP: 11/17
  6661 | D:5      | Reached skill level 5 in Spellcasting
  6880 | D:5      | Noticed Blork the orc
  6908 | D:5      | Killed Blork the orc
  7382 | D:5      | Reached skill level 5 in Conjurations
  8340 | D:6      | Reached skill level 8 in Ice Magic
  8434 | D:6      | Offered knowledge of Sandblast by Vehumet.
  8609 | D:6      | Learned a level 4 spell: Summon Ice Beast
  8652 | D:6      | Reached ** piety under Vehumet
  9320 | D:7      | Noticed a komodo dragon
  9328 | D:7      | Killed a komodo dragon
  9329 | D:7      | Reached XP level 9. HP: 22/45 MP: 9/21
  9795 | D:7      | Found a staircase to the Ecumenical Temple.
 10025 | D:7      | Slain by a wight

Illustrated notes

Levels and vault maps discovered:
D:1:      lightli_arrival_boilingwater, layout_basic, minmay_misc_feat_roman
D:2:      layout_loops_cross, basic_altar, ebering_dispersal_statue_hall,
          chequers_avenue, uniq_jessica
D:3:      layout_rooms, nicolae_ru_sacrificial_ziggurat, lemuel_round_altar,
          mainiacjoe_overflow_catwalk, nicolae_overflow_crystal_walls,
          uniq_natasha
D:4:      layout_basic, mainiacjoe_overflow_large_starburst,
          ebering_ghost_sewer_f
D:5:      layout_loops_ring, serial_shops, nicolae_stop_n_shop_1,
          uniq_blork_the_orc
D:6:      layout_basic
D:7:      layout_cave_pools, temple_hall

Skill      XL: |  1  2  3  4  5  6  7  8  9 |
---------------+----------------------------+-----
Stealth        | 3 4 5 |  5.0
Dodging        | 3 4 5 7 |  7.7
Ice Magic      | 5 6 7 8 |  8.0
Conjurations   | 2 4 7 |  7.8
Spellcasting   | 4 6 7 |  7.3

Action                   |  1- 3 |  4- 6 |  7- 9 || total
-------------------------+-------+-------+-------++-------
Melee: Unarmed           |     1 |       |       ||     1
       Spear             |     1 |       |       ||     1
       Dagger            |     8 |    23 |    44 ||    75
 Cast: Freeze            |    41 |    64 |    41 ||   146
       Frozen Ramparts   |     2 |    17 |    25 ||    44
       Ozocubu's Armour  |     1 |    15 |     7 ||    23
       Blink             |       |     1 |       ||     1
       Foxfire           |       |     5 |    42 ||    47
       Shock             |       |       |    13 ||    13
       Hailstorm         |       |       |    32 ||    32
       Summon Ice Beast  |       |       |     5 ||     5
  Use: Scroll            |       |       |     8 ||     8
Armor: Robe              |     1 |    13 |    22 ||    36
Dodge: Dodged            |    20 |    41 |    77 ||   138
Block: Other             |       |     2 |    24 ||    26
       Reflection        |       |       |     2 ||     2
